[ AOE2 MATCH · #507325509 ]
UnrankedMapuche vs Berbers
Player's team · WIN
[ REPLAY ANALYSIS · EXTRACTED FROM THE RECORDED GAME ]
Feudal
8:51
Castle
15:01
Imperial
—
| APM avg | 51.9 |
| APM peak | 95 |
| eAPM avg | 17.4 |
| Villagers / military | 41 / 16 |
Focus
⚔️ 34.3% · 🌾 65.7%
Bolas Rider ×12 · Spearman ×3 · Mangonel ×1
Feudal
8:51
Castle
—
Imperial
—
| APM avg | 46.7 |
| APM peak | 72 |
| eAPM avg | 22.4 |
| Villagers / military | 44 / 6 |
Focus
⚔️ 38.9% · 🌾 61.1%
Scout Cavalry ×5 · Militia ×1
Match map
Initial resources + every placement click. Lines = walls · curves = elevation contours. ◆ gold · ⬟ stone · ● berries · ✦ relic · ◌ wall gap
Your base· Open — 5t gap
Axolotl-Flöten-Beschwörer's base· Open — 2t gap
Smoothed initial terrain · ◌ = detected wall gap · hover for details
Inputs per minute
— k1ngkong - - Axolotl-Flöten-Beschwörer
Build order — k1ngkong
80 actions detected in the replay
| 0:01 | Queue | Villager (Male) ×4 |
| 0:01 | Queue | Villager (Male) ×4 |
| 0:03 | Build | House |
| 0:04 | Build | House |
| 1:32 | Queue | Villager (Male) |
| 1:59 | Queue | Villager (Male) |
| 1:59 | Queue | Villager (Male) |
| 2:19 | Build | Settlement |
| 2:27 | Queue | Villager (Male) |
| 2:46 | Queue | Villager (Male) ×2 |
| 2:46 | Queue | Villager (Male) ×2 |
| 3:43 | Queue | Villager (Male) ×2 |
| 3:43 | Queue | Villager (Male) ×2 |
| 3:49 | Build | Palisade Wall |
| 4:04 | Queue | Villager (Male) ×2 |
| 4:05 | Queue | Villager (Male) ×2 |
| 4:32 | Build | Farm |
| 5:06 | Research | Loom |
| 5:06 | Queue | Villager (Male) |
| 5:07 | Queue | Villager (Male) |
| 5:32 | Build | Farm |
| 6:35 | Research | Feudal Age |
| 7:43 | Build | Palisade Wall |
| 8:03 | Build | Settlement |
| 8:40 | Queue | Villager (Male) |
| 8:51 | Age | Feudal Age |
| 8:55 | Build | Market |
| 9:11 | Research | Double-Bit Axe |
| 9:12 | Queue | Villager (Male) |
| 9:23 | Queue | Spearman |
| 9:41 | Build | Palisade Wall |
| 9:46 | Queue | Villager (Male) |
| 9:46 | Queue | Villager (Male) |
| 10:20 | Queue | Villager (Male) |
| 10:26 | Build | Palisade Wall |
| 10:26 | Build | Palisade Wall |
| 10:35 | Queue | Spearman |
| 10:45 | Build | Blacksmith |
| 10:52 | Build | House |
| 10:54 | Queue | Villager (Male) |
| 11:47 | Queue | Villager (Male) |
| 12:01 | Build | House |
| 12:10 | Build | Palisade Wall |
| 12:15 | Build | Palisade Wall |
| 12:21 | Research | Castle Age |
| 12:34 | Build | House |
| 12:59 | Build | Barracks |
| 13:09 | Queue | Spearman |
| 13:22 | Queue | Villager (Male) |
| 13:45 | Build | Palisade Wall |
| 13:47 | Build | House |
| 14:03 | Build | Archery Range |
| 14:33 | Build | Settlement |
| 15:01 | Age | Castle Age |
| 15:04 | Queue | Bolas Rider |
| 15:19 | Build | Archery Range |
| 15:29 | Queue | Villager (Male) |
| 15:46 | Queue | Bolas Rider |
| 15:46 | Queue | Villager (Male) |
| 16:00 | Queue | Bolas Rider ×2 |
| 16:05 | Build | Palisade Wall |
| 16:18 | Research | Fletching |
| 17:12 | Queue | Bolas Rider ×4 |
| 17:32 | Queue | Villager (Male) |
| 17:46 | Queue | Bolas Rider |
| 17:46 | Queue | Villager (Male) |
| 18:26 | Queue | Villager (Male) |
| 18:27 | Queue | Bolas Rider |
| 18:31 | Build | Farm |
| 18:32 | Build | Farm |
| 18:32 | Build | Farm |
| 18:32 | Build | Farm |
| 19:12 | Build | Siege Workshop |
| 19:13 | Queue | Villager (Male) |
| 19:39 | Build | Farm |
| 19:42 | Build | Farm |
| 19:47 | Queue | Mangonel |
| 19:53 | Queue | Villager (Male) |
| 20:03 | Queue | Bolas Rider |
| 20:03 | Queue | Bolas Rider |
Build order — Axolotl-Flöten-Beschwörer
107 actions detected in the replay
| 0:00 | Queue | Villager (Male) |
| 0:02 | Build | House |
| 0:03 | Build | House |
| 0:13 | Queue | Villager (Male) |
| 0:13 | Queue | Villager (Male) |
| 0:18 | Queue | Villager (Male) |
| 0:18 | Queue | Villager (Male) |
| 1:31 | Queue | Villager (Male) |
| 1:31 | Queue | Villager (Male) |
| 1:58 | Queue | Villager (Male) |
| 1:58 | Queue | Villager (Male) |
| 2:13 | Build | Lumber Camp |
| 2:26 | Queue | Villager (Male) |
| 2:26 | Queue | Villager (Male) |
| 2:43 | Queue | Villager (Male) |
| 3:11 | Queue | Villager (Male) |
| 3:11 | Queue | Villager (Male) |
| 3:52 | Build | House |
| 3:59 | Build | House |
| 4:01 | Build | House |
| 4:04 | Queue | Villager (Male) |
| 4:04 | Queue | Villager (Male) |
| 4:42 | Build | Mill |
| 4:59 | Queue | Villager (Male) |
| 4:59 | Queue | Villager (Male) |
| 5:20 | Queue | Villager (Male) |
| 5:36 | Research | Loom |
| 5:36 | Research | Loom |
| 6:38 | Research | Feudal Age |
| 6:38 | Research | Feudal Age |
| 7:18 | Build | Palisade Wall |
| 7:19 | Build | Palisade Wall |
| 7:39 | Build | Palisade Wall |
| 7:58 | Build | Barracks |
| 8:01 | Build | Palisade Wall |
| 8:27 | Queue | Villager (Male) |
| 8:51 | Age | Feudal Age |
| 8:52 | Build | Stable |
| 8:55 | Research | Double-Bit Axe |
| 9:11 | Build | House |
| 9:17 | Queue | Villager (Male) |
| 9:22 | Research | Horse Collar |
| 9:27 | Build | House |
| 9:29 | Queue | Villager (Male) |
| 9:34 | Queue | Scout Cavalry |
| 10:00 | Build | Palisade Wall |
| 10:07 | Queue | Villager (Male) |
| 10:15 | Queue | Villager (Male) |
| 10:16 | Queue | Villager (Male) |
| 10:17 | Queue | Villager (Male) |
| 10:19 | Queue | Scout Cavalry |
| 10:27 | Build | Palisade Wall |
| 10:30 | Build | Palisade Wall |
| 10:35 | Queue | Villager (Male) |
| 10:38 | Build | House |
| 10:46 | Queue | Militia |
| 10:49 | Queue | Scout Cavalry |
| 10:59 | Build | Palisade Wall |
| 11:01 | Build | Farm |
| 11:03 | Build | Farm |
| 11:04 | Build | Farm |
| 11:07 | Queue | Villager (Male) |
| 11:12 | Build | Farm |
| 11:14 | Build | Farm |
| 11:31 | Queue | Villager (Male) |
| 11:44 | Queue | Scout Cavalry |
| 11:47 | Build | Farm |
| 11:48 | Build | Farm |
| 11:58 | Build | Farm |
| 12:12 | Queue | Villager (Male) |
| 12:13 | Queue | Villager (Male) |
| 12:18 | Build | Farm |
| 12:32 | Build | Farm |
| 12:49 | Queue | Villager (Male) |
| 12:51 | Build | Farm |
| 12:59 | Queue | Scout Cavalry |
| 13:13 | Build | House |
| 13:14 | Build | House |
| 13:18 | Queue | Villager (Male) |
| 13:25 | Build | Farm |
| 13:36 | Queue | Villager (Male) |
| 13:47 | Build | Watch Tower |
| 13:59 | Build | Watch Tower |
| 14:03 | Build | Watch Tower |
| 14:05 | Queue | Villager (Male) |
| 14:10 | Build | Mining Camp |
| 14:13 | Build | Mining Camp |
| 14:14 | Queue | Villager (Male) |
| 14:34 | Queue | Villager (Male) |
| 15:03 | Queue | Villager (Male) |
| 15:11 | Build | Mining Camp |
| 15:16 | Queue | Villager (Male) |
| 15:23 | Build | Market |
| 15:48 | Build | Watch Tower |
| 15:51 | Queue | Villager (Male) |
| 16:22 | Build | Watch Tower |
| 16:38 | Build | House |
| 16:58 | Queue | Villager (Male) |
| 17:03 | Build | Mining Camp |
| 17:03 | Queue | Villager (Male) |
| 17:37 | Build | Watch Tower |
| 17:42 | Queue | Villager (Male) |
| 18:20 | Build | House |
| 18:23 | Build | Watch Tower |
| 18:47 | Queue | Villager (Male) |
| 19:24 | Build | House |
| 19:48 | Research | Castle Age |
Match timeline
| 3:49 | k1ngkong · wall_segment Palisade Wall x1 |
| 7:18 | Axolotl-Flöten-Beschwörer · wall_segment Palisade Wall x2 |
| 7:19 | Axolotl-Flöten-Beschwörer · wall_segment Palisade Wall x1 |
| 7:39 | Axolotl-Flöten-Beschwörer · wall_segment Palisade Wall x1 |
| 7:43 | k1ngkong · wall_segment Palisade Wall x1 |
| 7:58 | Axolotl-Flöten-Beschwörer · first_building Barracks |
| 8:01 | Axolotl-Flöten-Beschwörer · wall_segment Palisade Wall x1 |
| 8:51 | Axolotl-Flöten-Beschwörer · age_up feudal |
| 8:51 | k1ngkong · age_up feudal |
| 8:52 | Axolotl-Flöten-Beschwörer · first_building Stable |
| 9:41 | k1ngkong · wall_segment Palisade Wall x1 |
| 9:49 | k1ngkong · first_market_sell 500 stone |
| 9:51 | k1ngkong · first_market_buy 100 food |
| 10:00 | Axolotl-Flöten-Beschwörer · wall_segment Palisade Wall x6 |
| 10:26 | k1ngkong · wall_segment Palisade Wall x1 |
| 10:26 | k1ngkong · wall_segment Palisade Wall x1 |
| 10:27 | Axolotl-Flöten-Beschwörer · wall_segment Palisade Wall x2 |
| 10:30 | Axolotl-Flöten-Beschwörer · wall_segment Palisade Wall x4 |
| 10:59 | Axolotl-Flöten-Beschwörer · wall_segment Palisade Wall x10 |
| 12:10 | k1ngkong · wall_segment Palisade Wall x3 |
| 12:15 | k1ngkong · wall_segment Palisade Wall x3 |
| 12:59 | k1ngkong · first_building Barracks |
| 13:45 | k1ngkong · wall_segment Palisade Wall x1 |
| 14:03 | k1ngkong · first_building Archery Range |
| 15:01 | k1ngkong · age_up castle |
| 16:05 | k1ngkong · wall_segment Palisade Wall x1 |
| 17:44 | Axolotl-Flöten-Beschwörer · first_market_sell 100 wood |
| 17:45 | Axolotl-Flöten-Beschwörer · first_market_buy 100 food |
| 19:12 | k1ngkong · first_building Siege Workshop |
| 20:15 | Axolotl-Flöten-Beschwörer · resign |
[ AI ANALYSIS · 1 CREDIT ]
What really happened in this match?
Wolo.gg analyzes every decision: build order, eco, micro, common mistakes by bracket. Personalized analysis on WhatsApp or Discord in 30 seconds.
Civ guide
Mapuche
Perfil
Jugador #3045036